 Dungeon Crawl Stone Soup version 0.30.0-19-g36f170ea60 (webtiles) character file.

Game seed: 13213796651883080537

9859 EarthwalkerPL the Fighter (level 11, -1/105 (107) HPs)
             Began as a Minotaur Fighter on May 27, 2023.
             Was an Elder of Okawaru.
             Slain by a red very ugly thing (17 damage)
             ... on level 1 of the Abyss.
             The game lasted 00:21:54 (12022 turns).

EarthwalkerPL the Fighter (Minotaur Fighter)       Turns: 12022, Time: 00:21:55

HP:   -1/105 (107)  AC: 10    Str: 24    XL:     11   Next: 28%
MP:   10/10         EV: 10    Int:  5    God:    Okawaru [****..]
Gold: 761           SH:  6    Dex: 11    Spells: 10/10 levels left

rFire   + . .        L - +1 war axe (drain)
rCold   . . .        c - +0 buckler
rNeg    . . .        e - +1 scale mail {rF+}
rPois   +            (helmet restricted)
rElec   .            N - +1 cloak {Will+}
rCorr   .            (no gloves)
SInv    .            J - +0 pair of boots
Will    +....        (no amulet) Stlth
                     K - ring of poison resistance
HPRegen 0.37/turn    (no ring)
MPRegen 0.12/turn

%: no passive effects
@: about to teleport, corroded, studying 2 skills, lightly drained
A: horns 2, retaliatory headbutt
a: Renounce Religion, Heroism, Finesse


You were on level 1 of the Abyss.
You worshipped Okawaru.
Okawaru was greatly pleased with you.
You visited 2 branches of the dungeon, and saw 11 of its levels.
You visited the Abyss 1 time.
You also visited: Sewer and Bailey.

You collected 761 gold pieces.

Inventory:

Hand Weapons
 a - a +0 war axe
 o - a +0 antimagic sling
 H - a +3 arbalest
 L - a +1 war axe of draining (weapon)
 P - a +3 bardiche of flaming
 Q - a +3 executioner's axe of distortion
Missiles
 m - 78 poisoned darts (quivered)
 v - 3 silver boomerangs
 y - 2 boomerangs
 A - 2 throwing nets
Armour
 c - a +0 buckler (worn)
 e - a +1 scale mail of fire resistance (worn)
 J - a +0 pair of boots (worn)
 N - a +1 cloak of willpower (worn)
Jewellery
 K - a ring of poison resistance (left hand)
Wands
 b - a wand of quicksilver (3)
 w - a wand of polymorph (17)
 G - a wand of charming (11)
Scrolls
 f - 3 scrolls of fog
 h - 7 scrolls of noise
 i - 2 scrolls of enchant armour
 j - 2 scrolls of amnesia
 k - 5 scrolls of enchant weapon
 l - 2 scrolls of fear
 n - 3 scrolls of teleportation
 s - 2 scrolls of blinking
 u - 3 scrolls of poison
 x - a scroll of silence {unknown}
 C - a scroll of immolation
 M - a scroll of brand weapon
Potions
 d - 3 potions of might
 g - 2 potions of curing
 p - 2 potions of mutation {unknown}
 q - 2 potions of degeneration {unknown}
 r - a potion of brilliance {unknown}
 t - a potion of attraction {unknown}
 z - 2 potions of lignification {unknown}
 B - a potion of flight {unknown}
 D - a potion of cancellation {unknown}
 E - 2 potions of ambrosia {unknown}
 F - a potion of berserk rage {unknown}
 I - a potion of haste {unknown}
 O - a potion of magic {unknown}


   Skills:
 * Level 13.6 Fighting
 * Level 11.5 Axes
 * Level 12.0 Armour
 + Level 8.9 Shields


You had 10 spell levels left.
You didn't know any spells.
Your spell library contained the following spells:

 Spells                   Type           Power      Damage    Failure   Level
 Apportation              Tloc           0%         N/A       77%         1
 Magic Dart               Conj           0%         1d3       77%         1
 Necrotise                Necr           0%         1d4       77%         1
 Sandblast                Erth           0%         2d4       77%         1
 Passwall                 Tmut/Erth      0%         N/A       88%         2
 Mephitic Cloud           Conj/Pois/Air  0%         N/A       98%         3
 Stone Arrow              Conj/Erth      0%         3d7       98%         3
 Olgreb's Toxic Radiance  Pois           0%         N/A       100%        4
 Discord                  Hex            0%         N/A       100%        8
 Ignition                 Fire           0%         3d3       100%        8
 Summon Small Mammal      Summ           Unusable   N/A       N/A         1
 Call Imp                 Summ           Unusable   N/A       N/A         2

Dungeon Overview and Level Annotations

Branches:
Dungeon (10/15)            Temple (1/1) D:6            Lair (0/5) D:9
  Sewer (visited)          Bailey (visited)
    Orc: D:9-12

Altars:
Ashenzari
Cheibriados
Dithmenos
Elyvilon
Fedhas
Gozag
Hepliaklqana
Kikubaaqudgha
Makhleb
Nemelex Xobeh
Okawaru
Qazlal
Ru
Sif Muna
Trog
Uskayaw
Vehumet
Wu Jian
Xom
Yredelemnul
Zin
The Shining One

Shops:
D:8 =


Innate Abilities, Weirdness & Mutations

You have a pair of horns on your head.
You reflexively headbutt those who attack you in melee.


Message History

You feel strangely unstable.
You feel the power of the Abyss delaying your translocation!
The red very ugly thing closely misses you.
You furiously retaliate!
You headbutt the red very ugly thing.
You closely miss the red very ugly thing.
The red very ugly thing is lightly wounded.
You closely miss the yellow draconian.
The red very ugly thing kicks you but does no damage.
The yellow draconian spits acid at you. The glob of acid hits you!!
* * * LOW HITPOINT WARNING * * *
The acid corrodes you! The red very ugly thing kicks you!
* * * LOW HITPOINT WARNING * * *
You slash the red very ugly thing!
The red very ugly thing is lightly wounded.
You closely miss the yellow draconian.
The yellow draconian hits you but does no damage.
Unknown command.
You hit the red very ugly thing but do no damage.
You headbutt the red very ugly thing, but do no damage.
The red very ugly thing is lightly wounded.
You closely miss the yellow draconian.
The red very ugly thing kicks you but does no damage.
The yellow draconian barely misses you. You furiously retaliate!
You headbutt the yellow draconian.
You hit the red very ugly thing but do no damage.
Your headbutt misses the red very ugly thing.
The red very ugly thing is lightly wounded.
You hit the yellow draconian but do no damage.
The red very ugly thing barely misses you.
You furiously retaliate!
You headbutt the red very ugly thing.
The yellow draconian hits you with a +2 scimitar of protection!
* * * LOW HITPOINT WARNING * * *
You completely miss the yellow draconian.
You headbutt the yellow draconian, but do no damage.
The yellow draconian is lightly wounded.
You hit the red very ugly thing but do no damage.
The yellow draconian looks more healthy.
The red very ugly thing kicks you!
You die...

#
.###
##.
#((#
#.##
#du#
#.@#
####


You could see a red very ugly thing and a yellow draconian (catching breath).

Vanquished Creatures
  A two-headed ogre (D:10)
  An orc knight (Bailey)
  Prince Ribbit (D:6)
  A flying skull (Abyss:1)
  5 wyverns
  9 yaks (D:9)
  3 steam dragons
  Duvessa (D:4)
  6 water moccasins
  12 orc warriors
  A sky beast (D:8)
  2 black bears (D:5)
  The ghost of Rello the Trooper, an amateur HOFi (D:3)
  An ice beast (D:6)
  3 ogres
  5 centaurs
  A phantom (D:5)
  5 bullfrogs
  6 kobold brigands
  A scorpion (D:5)
  16 wights
  Dowan (D:4)
  A small abomination (Abyss:1)
  A howler monkey (D:3)
  An electric eel (D:8)
  2 gnoll boudas
  5 hounds
  A jelly (D:6)
  4 orc priests
  A sleepcap (D:5)
  An iguana (D:9)
  7 orc wizards
  Natasha (D:2)
  Robin (D:3)
  24 gnolls
  7 adders
  4 river rats
  3 white imps
  An ufetubus (D:4)
  2 worms
  5 dart slugs
  63 orcs
  4 endoplasms
  7 giant cockroaches
  17 goblins
  8 hobgoblins
  15 jackals
  9 quokkas
  12 ball pythons
  7 bats
  7 frilled lizards
  28 kobolds
  12 rats
344 creatures vanquished.

Notes
Turn   | Place    | Note
-------+----------+-------------------------------------------
     0 | D:1      | EarthwalkerPL the Minotaur Fighter began the quest for the
                  | Orb.
     0 | D:1      | Reached XP level 1. HP: 19/19 MP: 0/0
   133 | D:1      | Reached XP level 2. HP: 27/27 MP: 1/1
   291 | D:1      | Reached skill level 4 in Fighting
   386 | D:1      | Reached XP level 3. HP: 32/33 MP: 2/2
   777 | D:2      | Found a faded altar of an unknown god.
   994 | D:2      | Identified the +2 ring mail of Generosity {MP+9}
  1524 | D:2      | Noticed Natasha
  1528 | D:2      | Killed Natasha
  1529 | D:2      | Reached XP level 4. HP: 41/41 MP: 3/3
  1908 | D:3      | HP: 2/41 [gnoll/+0 halberd (14)]
  1933 | D:3      | Found a runed translucent door.
  1949 | D:3      | Noticed a bullfrog
  1950 | D:3      | Noticed Rello's ghost (amateur HOFi)
  1965 | D:3      | Reached XP level 5. HP: 20/47 MP: 4/4
  2212 | D:3      | Reached skill level 5 in Armour
  2491 | D:2      | Reached skill level 5 in Fighting
  2792 | D:3      | Reached XP level 6. HP: 55/56 MP: 5/5
  2942 | D:3      | Noticed Robin
  2950 | D:3      | Killed Robin
  3338 | D:3      | Reached skill level 5 in Axes
  3413 | D:3      | Reached skill level 6 in Fighting
  3413 | D:3      | Reached XP level 7. HP: 41/63 MP: 6/6
  3560 | D:3      | Noticed a steam dragon
  3567 | D:3      | Killed a steam dragon
  3568 | D:3      | Reached skill level 5 in Shields
  3701 | D:3      | Killed Rello's ghost
  3883 | D:4      | Noticed Duvessa
  3884 | D:4      | Noticed Dowan
  3892 | D:4      | Killed Duvessa
  3900 | D:4      | Reached skill level 7 in Fighting
  3900 | D:4      | Reached XP level 8. HP: 56/73 MP: 7/7
  3900 | D:4      | Killed Dowan
  4102 | D:4      | Found a glowing drain.
  4111 | Sewer    | Entered a sewer
  5190 | D:5      | Entered Level 5 of the Dungeon
  5312 | D:5      | Reached skill level 8 in Fighting
  5867 | D:5      | Reached XP level 9. HP: 69/82 MP: 8/8
  5988 | D:6      | Noticed Prince Ribbit
  6005 | D:6      | Killed Prince Ribbit
  6563 | D:6      | HP: 1/82 [gnoll/+4 halberd[a gnoll bouda] (5)]
  6566 | D:6      | Reached skill level 9 in Fighting
  7472 | D:6      | Found a staircase to the Ecumenical Temple.
  7488 | Temple   | Entered the Ecumenical Temple
  7695 | Temple   | Became a worshipper of Warmaster Okawaru
  8535 | D:7      | Reached * piety under Okawaru
  8536 | D:7      | Reached skill level 10 in Armour
  8679 | D:7      | Reached skill level 10 in Fighting
  8752 | D:7      | Found a glowing silver altar of Zin.
  8990 | D:8      | Reached XP level 10. HP: 86/93 MP: 9/9
  9066 | D:8      | Found Tuuck's Jewellery Shoppe.
  9761 | D:9      | Reached ** piety under Okawaru
  9934 | D:9      | Reached skill level 11 in Fighting
  9934 | D:9      | Reached skill level 10 in Axes
 10287 | D:9      | Reached *** piety under Okawaru
 10288 | D:9      | Reached skill level 12 in Fighting
 10314 | D:9      | Found a staircase to the Lair.
 10322 | D:9      | Reached **** piety under Okawaru
 10781 | D:10     | Entered Level 10 of the Dungeon
 10824 | D:10     | Noticed a two-headed ogre
 10834 | D:10     | Killed a two-headed ogre
 10835 | D:10     | Reached XP level 11. HP: 66/106 MP: 10/10
 10937 | D:10     | Found a flagged portal.
 10951 | D:10     | Reached skill level 13 in Fighting
 10981 | Bailey   | Entered a bailey
 11489 | Bailey   | Noticed an orc knight
 11527 | Bailey   | Killed an orc knight
 11798 | Abyss:1  | Cast into level 1 of the Abyss (gnoll sergeant)
 11826 | Abyss:1  | Noticed a wretched star
 11848 | Abyss:1  | Noticed a starcursed mass
 11848 | Abyss:1  | Noticed an orc sorcerer
 11850 | Abyss:1  | Noticed a soul eater
 12013 | Abyss:1  | Noticed a red very ugly thing
 12015 | Abyss:1  | Noticed a yellow draconian
 12022 | Abyss:1  | Slain by a red very ugly thing

Illustrated notes

Levels and vault maps discovered:
D:1:      heliophobic_arrival_dark_side_of_the_moon, layout_basic
D:2:      layout_loops_corners, ebering_ecumenical_altar_petrified,
          hangedman_decor_lopped, nicolae_figureground_pulse, uniq_natasha
D:3:      lemuel_castle_with_subvaults [lemuel_castle_interior_original],
          layout_basic, ebering_ghost_sewer_d, minivault_19, uniq_robin
D:4:      layout_loops_cross, portal_sewer_entry_b, minmay_crystal_room,
          st_stairs_2, lexackson_kobold_supper, uniq_duvessa
D:5:      layout_loops_ring
D:6:      layout_cave_pods, minmay_temple_entry_poolview, grunt_ministairs_15,
          corexii_checkpoint_a, uniq_prince_ribbit1
D:7:      cheibrodos_quashed, layout_loops_ring, nicolae_overflow_crystal_walls
D:8:      layout_basic, serial_shops, shop, minmay_gold_behind_fungi,
          kennysheep_generic_room_4
D:9:      layout_roguey, minmay_lair_entry_grove
D:10:     due_megacathedral, layout_layer_cave, enter_bailey_4
Temple:   mainiacjoe_temple_archimedes_tessellation
Abyss:1:  base: D:1, guppyfry_abyss_exit_glass_guarded,
          hangedman_abyss_batty_box

Skill      XL: |  1  2  3  4  5  6  7  8  9 10 11 |
---------------+----------------------------------+-----
Armour         | 4 5 6 7 8 10 11 12 | 12.0
Fighting       | 4 5 6 7 8 10 12 13 | 13.6
Axes           | 3 4 5 6 7 9 11 | 11.5
Shields        | 4 5 6 7 8 |  8.9

Action                     |  1- 3 |  4- 6 |  7- 9 | 10-12 || total
---------------------------+-------+-------+-------+-------++-------
  Melee: War axe           |    82 |   163 |   325 |   242 ||   812
         Headbutt          |     9 |    23 |    72 |    60 ||   164
   Fire: Arbalest          |       |       |       |     7 ||     7
  Throw: Dart              |       |       |       |     7 ||     7
    Use: Scroll            |       |       |     8 |    10 ||    18
         Potion            |       |       |       |     2 ||     2
   Stab: Distracted        |       |       |       |     1 ||     1
 Armour: Scale mail        |    38 |    74 |   144 |   131 ||   387
  Dodge: Dodged            |    46 |    87 |   134 |   113 ||   380
  Block: Buckler           |    23 |    45 |    86 |    73 ||   227
